 Dungeon Crawl Stone Soup version 0.21.1-1-g345015f (webtiles) character file.

1622 tidbits the Insei (level 8, -4/91 HPs)
             Began as a Gnoll Transmuter on Mar 14, 2018.
             Was a Follower of Cheibriados.
             Slain by a killer bee (6 damage)
             ... on level 8 of the Dungeon.
             The game lasted 00:17:18 (1657 turns).

tidbits the Insei (Gnoll Transmuter)                Turns: 1657, Time: 00:17:18

Health: -4/91      AC: 24    Str: 14 (16) XL:     8   Next: 96%
Magic:  17/17      EV:  2    Int: 19 (20) God:    Cheibriados [*.....]
Gold:   125        SH:  0    Dex: 16 (19) Spells: 9/19 levels left

rFire    . . .     SeeInvis .     - Unarmed
rCold    . . .     Gourm    .   (no shield)
rNeg     + + +     Faith    .   (armour currently unavailable)
rPois    +         Spirit   .   (helmet currently unavailable)
rElec    .         Reflect  .   (cloak currently unavailable)
rCorr    .         Harm     +   (gloves currently unavailable)
MR       .....     NoTele   +   (boots currently unavailable)
Stlth    +++.......             h - amulet of harm
HPRegen  0.25/turn              (no ring)
MPRegen  0.15/turn              (no ring)

@: lethally poisoned (-4 -> -11), tree-form, very slow
A: distributed training, mutation resistance 1, strong nose
a: Bend Time, Renounce Religion


You were on level 8 of the Dungeon.
You worshipped Cheibriados.
Cheibriados was aware of your devotion.
You were not hungry.
You were a tree.
You visited 2 branches of the dungeon, and saw 9 of its levels.
You also visited: Ossuary.

You collected 229 gold pieces.
You spent 104 gold pieces at shops.

Inventory:

Hand Weapons
 j - a +0 short sword
 r - a +0 dagger
 y - a +0 shortbow
Missiles
 a - 101 arrows
 k - 7 stones
 n - 4 poisoned tomahawks (quivered)
 o - 6 tomahawks
 q - 8 poisoned needles
Armour
 b - a +0 robe
 i - a +0 shield
 p - a +0 ring mail
 B - a +0 robe (melded)
 E - a +1 helmet (melded)
 G - a +0 pair of gloves (melded)
 N - the +0 plate armour of Piolul {rPois Regen+ Int-2, unknown}
   (You found it on level 7 of the Dungeon)

   It affects your intelligence (-2).
   It protects you from poison.
   It increases your rate of regeneration.
Jewellery
 h - an amulet of harm (around neck)
   (You found it on level 4 of the Dungeon)
Scrolls
 e - a scroll of enchant weapon {unknown}
 g - 2 scrolls of amnesia
 s - 2 scrolls of remove curse
 w - 3 scrolls of noise
 z - 4 scrolls of immolation {unknown}
 C - 5 scrolls of random uselessness
 K - a scroll of enchant armour
 L - a scroll of teleportation
Potions
 f - a potion of might {unknown}
 l - a potion of magic
 m - 4 potions of degeneration
 t - 3 potions of flight
 u - 2 potions of lignification
 v - a potion of berserk rage {unknown}
 x - a potion of mutation {!q}
 A - 2 potions of resistance
 D - a potion of brilliance
 H - a potion of curing {unknown}
 I - a potion of ambrosia {unknown}
Books
 c - a book of Changes

   Spells                             Type                      Level
   a - Beastly Appendage              Transmutation                1
   b - Sticks to Snakes               Transmutation                2
   c - Spider Form                    Transmutation/Poison         3
   d - Ice Form                       Ice/Transmutation            4
   e - Blade Hands                    Transmutation                5
 F - a book of Maledictions
   (You found it on level 7 of the Dungeon)

   Spells                             Type                      Level
   a - Corona                         Hexes                        1
   b - Ensorcelled Hibernation        Hexes/Ice                    2
   c - Confuse                        Hexes                        3
   d - Tukima's Dance                 Hexes                        3
   e - Dazzling Spray                 Conjuration/Hexes            3
Comestibles
 d - 8 rations


   Skills:
 + Level 4.5 Fighting
 + Level 3.6 Short Blades
 + Level 3.6 Long Blades
 + Level 3.6 Axes
 + Level 3.6 Maces & Flails
 + Level 3.6 Polearms
 + Level 3.6 Staves
 + Level 3.6 Slings
 + Level 3.6 Bows
 + Level 3.6 Crossbows
 + Level 3.6 Throwing
 + Level 3.6 Armour
 + Level 5.9 Dodging
 + Level 3.6 Stealth
 + Level 3.6 Shields
 + Level 7.5 Unarmed Combat
 + Level 6.2 Spellcasting
 + Level 3.0 Conjurations
 + Level 3.0 Hexes
 + Level 3.0 Charms
 + Level 3.0 Summonings
 + Level 3.0 Necromancy
 + Level 3.0 Translocations
 + Level 4.9 Transmutations
 + Level 3.0 Fire Magic
 + Level 3.0 Ice Magic
 + Level 3.0 Air Magic
 + Level 3.0 Earth Magic
 + Level 3.0 Poison Magic
 + Level 4.0 Invocations
 + Level 3.6 Evocations


You had 9 spell levels left.
You knew the following spells:

 Your Spells              Type           Power        Failure   Level  Hunger
e - Beastly Appendage     Tmut           ###...       1%          1    None
i - Ice Form              Ice/Tmut       ###.....     22%         4    ####...
k - Sticks to Snakes      Tmut           ###.....     2%          2    None
p - Spider Form           Tmut/Pois      ###.......   6%          3    ##.....


Dungeon Overview and Level Annotations

Branches:
Dungeon (8/15)             Temple (1/1) D:4
   Lair: D:8-11

Altars:
Ashenzari
Cheibriados
Dithmenos
Fedhas
Kikubaaqudgha
Makhleb
Nemelex Xobeh
Okawaru
Qazlal
Ru
Trog
Yredelemnul
The Shining One

Shops:
D:5 !


Innate Abilities, Weirdness & Mutations

Your experience applies equally to all skills.
((You have very sharp teeth.))
Your uncanny sense of smell can sniff out nearby items.
((Your flesh is heat resistant. (rF+)))
You are somewhat resistant to further mutation.


Message History

Your ball python withers and dies!
Found 15 sling bullets.
Your transformation is almost over.
Your transformation has ended.
Your +0 helmet unmelds from your body.
Your +0 pair of gloves unmelds from your body.
Your cursed +0 robe unmelds from your body.
Found a bloodstained plate armour.
You see here a bloodstained plate armour.
N - a bloodstained plate armour
Okay, then.
Casting: Spider Form
Confirm with . or Enter, or press ? or * to list all spells.
You turn into a venomous arachnid creature.
Your +0 helmet melds into your body.
Your +0 pair of gloves melds into your body.
Your cursed +0 robe melds into your body.
Unknown command.
Your transformation is almost over.
Found an escape hatch in the ceiling.
Your transformation has ended.
Your +0 helmet unmelds from your body.
Your +0 pair of gloves unmelds from your body.
Your cursed +0 robe unmelds from your body.
There is an escape hatch in the floor here.
You slide downwards.
The hatch slams shut behind you. 7 killer bees and a queen bee come into view.
The killer bee buzzes angrily. x2; The queen bee buzzes angrily.
The killer bee buzzes angrily. x2; You hear an angry buzzing noise.
The killer bee buzzes angrily. x2; You hear an angry buzzing noise. x5
Found a ration.
Unknown command.
Okay, then.
Okay, then.
As you read the scroll labeled WEMEDAMMA KYQUO, it crumbles to dust.
You hear a loud clanging noise!
It was a scroll of noise.
You hear an angry buzzing noise. x2; You hear a shout!
You hear a screech!
You hear an angry hiss.
You hear an angry growl.
The killer bee barely misses you. The killer bee closely misses you.
The killer bee barely misses you. The killer bee closely misses you. x3
You hear an angry buzzing noise. x3
As you read the scroll labeled BAGURR MOUBB, it crumbles to dust.
You feel as if something is helping you.
It was a scroll of remove curse.
You hear an angry buzzing noise.
The killer bee stings you. The killer bee misses you.
The killer bee stings you. The queen bee stings you. The killer bee stings you.
You are poisoned.
The killer bee poisons you! The killer bee completely misses you.
The killer bee misses you.
You hear an angry buzzing noise.
Okay, then.
As you read the scroll labeled ORUOPRUDEPT, it crumbles to dust.
The scroll dissolves into smoke.
It was a scroll of fog.
You feel sick. The killer bee stings you!
You are more poisoned.
The killer bee poisons you! The killer bee barely misses you.
The killer bee misses you.
The queen bee calls on the killer bee to defend it!
The killer bee goes berserk!
The killer bee stings you.
You are more poisoned.
The killer bee poisons you! The killer bee misses you.
The killer bee closely misses you.
As you read the scroll labeled HITUN LERR, it crumbles to dust.
It is a scroll of enchant armour.
Your +0 helmet glows green for a moment.
You feel sick. The killer bee closely misses you.
The killer bee stings you but does no damage.
The killer bee misses you. The killer bee closely misses you.
The queen bee barely misses you. The killer bee misses you.
The killer bee barely misses you. The killer bee stings you.
* * * LOW HITPOINT WARNING * * *
Unknown command.
As you read the scroll labeled WIXIPL ISUA, it crumbles to dust.
You assume a fearsome visage.
The killer bee looks frightened! x4
The queen bee looks frightened!
The killer bee looks frightened!
It was a scroll of fear.
You feel sick. The killer bee stings you!
* * * LOW HITPOINT WARNING * * *
The killer bee completely misses you. The killer bee stings you.
* * * LOW HITPOINT WARNING * * *
The killer bee misses you.
Cornered, the killer bee turns to fight!
You hear an angry buzzing noise. x2 3 killer bees come into view.
It was a potion of lignification.
You turn into a tree.
Your +1 helmet melds into your body.
Your +0 pair of gloves melds into your body.
Your +0 robe melds into your body.
Your roots penetrate the ground.
You feel sick.
You hear an angry buzzing noise. x3
The killer bee barely misses you.
The killer bee stings you but does no damage. x2
The killer bee stings you!
* * * LOW HITPOINT WARNING * * *
You hear an angry buzzing noise.
It was a potion of magic.
Magic courses through your body.
The killer bee stings you but does no damage.
The killer bee stings you.
You die...

#
####.
.....
....
## ∆
.§#
#y#
#y#y#
#♣#y
#yy#y#
###
#y#
∆#y#
∆#.#
##


You could see a queen bee (fleeing) and 6 killer bees.

Vanquished Creatures
  A hippogriff (D:7)
  A sky beast (D:5)
  An orc warrior (D:7)
  A phantom (D:5)
  An ogre (D:7)
  3 centaurs
  A bullfrog (D:7)
  An oklob sapling (D:4)
  A howler monkey (D:4)
  A crimson imp (D:7)
  2 hounds (D:4)
  5 orc wizards
  An orc priest (D:4)
  A centaur skeleton (D:5)
  2 iguanas
  4 worker ants
  A hound zombie (D:5)
  4 mummies (Ossuary)
  A worker ant zombie (D:6)
  3 adders
  An ooze (D:7)
  An adder zombie (D:7)
  An adder skeleton (D:5)
  A worm (D:3)
  8 orcs
  A quokka (D:7)
  2 bats
  2 frilled lizards (D:4)
  A jackal skeleton (D:5)
  2 kobolds
  A quokka skeleton (D:4)
  A plant (D:4)
58 creatures vanquished.

Vanquished Creatures (collateral kills)
  A sky beast (D:7)
  A crocodile (D:7)
  An adder (D:7)
  An orc (D:7)
4 creatures vanquished.

Grand Total: 62 creatures vanquished

Notes
Turn   | Place    | Note
-------+----------+-------------------------------------------
     0 | D:1      | tidbits the Gnoll Transmuter began the quest for the Orb.
     0 | D:1      | Reached XP level 1. HP: 17/17 MP: 6/6
   175 | D:2      | Found a burning altar of Makhleb.
   269 | D:3      | Reached XP level 2. HP: 19/23 MP: 5/7
   273 | D:3      | Learned a level 2 spell: Sticks to Snakes
   294 | D:4      | Noticed a howler monkey
   300 | D:4      | Killed a howler monkey
   300 | D:4      | Reached skill level 5 in Spellcasting
   300 | D:4      | Reached skill level 1 in Invocations
   300 | D:4      | Reached XP level 3. HP: 24/28 MP: 6/9
   305 | D:4      | Learned a level 3 spell: Spider Form
   317 | D:4      | Reached skill level 1 in Short Blades
   317 | D:4      | Reached skill level 1 in Long Blades
   317 | D:4      | Reached skill level 1 in Axes
   317 | D:4      | Reached skill level 1 in Maces & Flails
   317 | D:4      | Reached skill level 1 in Polearms
   317 | D:4      | Reached skill level 1 in Staves
   317 | D:4      | Reached skill level 1 in Slings
   317 | D:4      | Reached skill level 1 in Bows
   317 | D:4      | Reached skill level 1 in Crossbows
   317 | D:4      | Reached skill level 1 in Throwing
   317 | D:4      | Reached skill level 1 in Armour
   317 | D:4      | Reached skill level 1 in Stealth
   317 | D:4      | Reached skill level 1 in Shields
   317 | D:4      | Reached skill level 1 in Evocations
   317 | D:4      | Reached XP level 4. HP: 29/34 MP: 8/11
   322 | D:4      | Reached skill level 1 in Conjurations
   322 | D:4      | Reached skill level 1 in Hexes
   322 | D:4      | Reached skill level 1 in Charms
   322 | D:4      | Reached skill level 1 in Summonings
   322 | D:4      | Reached skill level 1 in Necromancy
   322 | D:4      | Reached skill level 1 in Translocations
   322 | D:4      | Reached skill level 1 in Fire Magic
   322 | D:4      | Reached skill level 1 in Ice Magic
   322 | D:4      | Reached skill level 1 in Air Magic
   322 | D:4      | Reached skill level 1 in Earth Magic
   322 | D:4      | Reached skill level 1 in Poison Magic
   331 | D:4      | Reached XP level 5. HP: 16/40 MP: 7/12
   398 | D:4      | Reached skill level 3 in Fighting
   401 | D:4      | Reached skill level 4 in Transmutations
   463 | D:4      | Reached XP level 6. HP: 24/47 MP: 9/13
   492 | D:5      | Entered Level 5 of the Dungeon
   513 | D:4      | Found a staircase to the Ecumenical Temple.
   557 | D:4      | Reached skill level 2 in Invocations
   571 | Temple   | Entered the Ecumenical Temple
   586 | Temple   | Became a worshipper of Cheibriados the Contemplative
   666 | D:4      | Reached skill level 5 in Dodging
   684 | D:5      | Noticed a phantom
   708 | D:5      | Killed a phantom
   708 | D:5      | Reached skill level 2 in Short Blades
   708 | D:5      | Reached skill level 2 in Long Blades
   708 | D:5      | Reached skill level 2 in Axes
   708 | D:5      | Reached skill level 2 in Maces & Flails
   708 | D:5      | Reached skill level 2 in Polearms
   708 | D:5      | Reached skill level 2 in Staves
   708 | D:5      | Reached skill level 2 in Slings
   708 | D:5      | Reached skill level 2 in Bows
   708 | D:5      | Reached skill level 2 in Crossbows
   708 | D:5      | Reached skill level 2 in Throwing
   708 | D:5      | Reached skill level 2 in Armour
   708 | D:5      | Reached skill level 2 in Stealth
   708 | D:5      | Reached skill level 2 in Shields
   708 | D:5      | Reached skill level 2 in Evocations
   766 | D:5      | Reached XP level 7. HP: 43/52 MP: 12/15
   788 | D:5      | Reached skill level 7 in Unarmed Combat
   833 | D:5      | Reached skill level 2 in Conjurations
   833 | D:5      | Reached skill level 2 in Hexes
   833 | D:5      | Reached skill level 2 in Charms
   833 | D:5      | Reached skill level 2 in Summonings
   833 | D:5      | Reached skill level 2 in Necromancy
   833 | D:5      | Reached skill level 2 in Translocations
   833 | D:5      | Reached skill level 2 in Fire Magic
   833 | D:5      | Reached skill level 2 in Ice Magic
   833 | D:5      | Reached skill level 2 in Air Magic
   833 | D:5      | Reached skill level 2 in Earth Magic
   833 | D:5      | Reached skill level 2 in Poison Magic
   838 | D:5      | Found a sand-covered staircase.
   910 | Ossuary  | Entered an ossuary
   916 | Ossuary  | Learned a level 4 spell: Ice Form
  1121 | D:5      | Found Plog's Distillery.
  1134 | D:5      | Reached skill level 3 in Invocations
  1141 | D:5      | Bought a potion of mutation for 104 gold pieces
  1141 | D:5      | Gained mutation: Scrolls take you a little longer to read. [potion of mutation]
  1141 | D:5      | Gained mutation: You are frail. (-10% HP) [potion of mutation]
  1141 | D:5      | Gained mutation: Your flesh is heat resistant. (rF+) [potion of mutation]
  1141 | D:5      | Gained mutation: You have a pair of small horns on your head. [potion of mutation]
  1142 | D:5      | Lost mutation: Scrolls take you a little longer to read. [potion of mutation]
  1142 | D:5      | Lost mutation: You have a pair of small horns on your head. [potion of mutation]
  1142 | D:5      | Lost mutation: You are frail. (-10% HP) [potion of mutation]
  1142 | D:5      | Gained mutation: Armour fits poorly on your strangely shaped body. [potion of mutation]
  1142 | D:5      | Gained mutation: You are occasionally teleported next to monsters. [potion of mutation]
  1142 | D:5      | Gained mutation: You are somewhat resistant to further mutation. [potion of mutation]
  1143 | D:5      | Lost mutation: You are occasionally teleported next to monsters. [potion of mutation]
  1143 | D:5      | Lost mutation: Armour fits poorly on your strangely shaped body. [potion of mutation]
  1182 | D:6      | Reached XP level 8. HP: 18/60 MP: 14/16
  1245 | D:6      | Reached * piety under Cheibriados
  1274 | D:7      | Noticed a hippogriff
  1282 | D:7      | Killed a hippogriff
  1282 | D:7      | Reached skill level 4 in Fighting
  1282 | D:7      | Reached skill level 3 in Short Blades
  1282 | D:7      | Reached skill level 3 in Long Blades
  1282 | D:7      | Reached skill level 3 in Axes
  1282 | D:7      | Reached skill level 3 in Maces & Flails
  1282 | D:7      | Reached skill level 3 in Polearms
  1282 | D:7      | Reached skill level 3 in Staves
  1282 | D:7      | Reached skill level 3 in Slings
  1282 | D:7      | Reached skill level 3 in Bows
  1282 | D:7      | Reached skill level 3 in Crossbows
  1282 | D:7      | Reached skill level 3 in Throwing
  1282 | D:7      | Reached skill level 3 in Armour
  1282 | D:7      | Reached skill level 3 in Stealth
  1282 | D:7      | Reached skill level 3 in Shields
  1282 | D:7      | Reached skill level 3 in Evocations
  1342 | D:7      | Reached skill level 6 in Spellcasting
  1409 | D:7      | Reached skill level 4 in Invocations
  1488 | D:7      | Reached skill level 3 in Conjurations
  1488 | D:7      | Reached skill level 3 in Hexes
  1488 | D:7      | Reached skill level 3 in Charms
  1488 | D:7      | Reached skill level 3 in Summonings
  1488 | D:7      | Reached skill level 3 in Necromancy
  1488 | D:7      | Reached skill level 3 in Translocations
  1488 | D:7      | Reached skill level 3 in Fire Magic
  1488 | D:7      | Reached skill level 3 in Ice Magic
  1488 | D:7      | Reached skill level 3 in Air Magic
  1488 | D:7      | Reached skill level 3 in Earth Magic
  1488 | D:7      | Reached skill level 3 in Poison Magic
  1571 | D:7      | Got a bloodstained plate armour
  1650 | D:8      | Noticed a queen bee
  1656 | D:8      | HP: 2/91 [killer bee (9)]
  1657 | D:8      | Slain by a killer bee

Skill      XL: |  1  2  3  4  5  6  7  8 |
---------------+-------------------------+-----
Spellcasting   | 5 6 |  6.2
Invocations    | 1 2 3 4 |  4.0
Short Blades   | 1 2 3 |  3.6
Long Blades    | 1 2 3 |  3.6
Axes           | 1 2 3 |  3.6
Maces & Flails | 1 2 3 |  3.6
Polearms       | 1 2 3 |  3.6
Staves         | 1 2 3 |  3.6
Slings         | 1 2 3 |  3.6
Bows           | 1 2 3 |  3.6
Crossbows      | 1 2 3 |  3.6
Throwing       | 1 2 3 |  3.6
Armour         | 1 2 3 |  3.6
Stealth        | 1 2 3 |  3.6
Shields        | 1 2 3 |  3.6
Evocations     | 1 2 3 |  3.6
Conjurations   | 1 2 3 |  3.0
Hexes          | 1 2 3 |  3.0
Charms         | 1 2 3 |  3.0
Summonings     | 1 2 3 |  3.0
Necromancy     | 1 2 3 |  3.0
Translocations | 1 2 3 |  3.0
Fire Magic     | 1 2 3 |  3.0
Ice Magic      | 1 2 3 |  3.0
Air Magic      | 1 2 3 |  3.0
Earth Magic    | 1 2 3 |  3.0
Poison Magic   | 1 2 3 |  3.0
Fighting       | 3 4 |  4.5
Transmutations | 4 |  4.9
Dodging        | 5 |  5.9
Unarmed Combat | 7 |  7.5

Action                   |  1- 3 |  4- 6 |  7- 9 || total
-------------------------+-------+-------+-------++-------
Melee: Unarmed           |    13 |    67 |    89 ||   169
       Kick              |     1 |     4 |       ||     5
       Headbutt          |     2 |       |       ||     2
       Punch             |     1 |       |       ||     1
       Bite              |       |     1 |       ||     1
Throw: Tomahawk          |     7 |     2 |       ||     9
 Cast: Beastly Appendage |     7 |       |       ||     7
       Sticks to Snakes  |       |     5 |    10 ||    15
       Spider Form       |       |    11 |    18 ||    29
  Use: Scroll            |     1 |     3 |     9 ||    13
       Potion            |       |       |     9 ||     9
 Stab: Sleeping          |       |     2 |       ||     2
       Distracted        |       |     1 |     1 ||     2
  Eat: Chunk             |       |       |     4 ||     4
Armor: Robe              |     6 |     3 |     3 ||    12
       Skin              |       |     4 |     4 ||     8
Dodge: Dodged            |    11 |    31 |    81 ||   123

Table legend:
 A = Turns spent in this place as a percentage of turns spent in the entire game.
 B = Non-inter-level travel turns spent in this place as a percentage of non-inter-level travel turns spent in the entire game.
 C = Inter-level travel turns spent in this place as a percentage of turns spent in this place.
 D = Turns resting spent in this place as a percentage of non-inter-level travel turns spent in this place.
 E = Turns spent auto-exploring this place as a percentage of non-inter-level travel turns spent in this place.
 F = Non-inter-level travel turns spent in this place divided by the number of levels of this place that you've seen.
                   A       B       C       D       E      F
               +-------+-------+-------+-------+-------+----------------------
         Total | 100.0 | 100.0 |   1.2 |   0.0 |   0.0 | 163.7
       Dungeon |  87.9 |  87.7 |   1.4 |   0.0 |   0.0 | 179.5
        Temple |   1.7 |   1.7 |   0.0 |   0.0 |   0.0 |  28.0
       Ossuary |  10.4 |  10.6 |   0.0 |   0.0 |   0.0 | 173.0
               +-------+-------+-------+-------+-------+----------------------

Table legend:
 A = Kills in this place as a percentage of kills in entire the game.
 B = Kills by you in this place as a percentage of kills by you in the entire game.
 C = Kills by friends in this place as a percentage of kills by friends in the entire game.
 D = Other kills in this place as a percentage of other kills in the entire game.
 E = Experience gained in this place as a percentage of experience gained in the entire game.
 F = Experience gained in this place divided by the number of levels of this place that you have seen.
                   A       B       C       D       E      F
               +-------+-------+-------+-------+-------+----------------------
         Total | 100.0 | 100.0 | 100.0 |   N/A | 100.0 | 231.8
       Dungeon |  93.4 |  93.0 | 100.0 |   N/A |  97.0 | 281.0
       Ossuary |   6.6 |   7.0 |   0.0 |   N/A |   3.0 |  70.0
               +-------+-------+-------+-------+-------+----------------------

Vault maps used:
D:1:      nicolae_arrival_somewhat_less_tricky_arrival
D:2:      nicolae_overflow_crystal_walls, uniq_jessica
D:3:      minmay_misc_feat_square
D:4:      minmay_temple_entry_oklob
D:5:      serial_shops, shop_fountains, first_ration,
          nicolae_ossuary_entry_false_entrances, kennysheep_path_1
D:6:      basic_altar, serial_shops, shop, uniq_prince_ribbit1
D:7:      grunt_potential
D:8:      kennysheep_orc_sif_temple, basic_altar, david_nohive_1,
          hangedman_feature_mirror, okawaru_humans, uniq_psyche
Temple:   compressed_dpeg_circular_temple
Ossuary:  ossuary_crypta
